Map: Oxide LE

Players

Astrea

  • Race: Protoss Protoss
  • League: Master
  • Spawn Location: 7:00

goblin - Winner!

  • Race: Protoss Protoss
  • League: Master
  • Spawn Location: 1:00

Event: Cheeseadelphia Winter Championship 2021

VOD

Have the link to the VOD?

Description

Time

  • Played on: Jan. 23, 2021, 1:20 p.m.
  • Length: 5:33

All games in this series

Show
View Real Time Build Order
Export as new Build Order

Astrea Protoss 

Build Orders: 1 Gate Expand, Oracle Opening 

Get SALT Encoding   

  12  0:00  Probe  
  13  0:12  Probe  
  14  0:18  Pylon  
  14  0:24  Probe (Chrono Boost)  
  15  0:37  Probe (Chrono Boost)  
  15  0:38  Gateway  
  16  0:45  Probe (Chrono Boost)  
  16  0:47  Assimilator  
  17  0:51  Probe  
  18  1:03  Probe  
  19  1:15  Probe  
  20  1:23  Nexus  
  20  1:32  Cybernetics Core  
  20  1:36  Probe  
  21  1:41  Assimilator  
  21  1:48  Probe  
  21  1:50  Pylon  
  22  2:00  Probe  
  23  2:06  Stalker (Chrono Boost)  
  23  2:12  Probe  
  26  2:23  Pylon  
  26  2:24  Probe  
  26  2:26  Stargate  
  27  2:36  Stalker, Probe  
  30  2:41  Probe (Chrono Boost)  
  30  2:43  Warp Gate  
  32  2:53  Probe (Chrono Boost)  
  32  2:54  Probe (Chrono Boost)  
  32  2:55  Shield Battery  
  33  3:00  Probe (Chrono Boost)  
  33  3:02  Probe (Chrono Boost)  
  34  3:07  Gateway  
  34  3:09  Oracle (Chrono Boost)  
  37  3:13  Probe  
  37  3:15  Probe  
  39  3:23  Pylon  
  39  3:25  Probe  
  43  3:34  Void Ray (Chrono Boost)  
  43  3:37  Pylon  
  40  3:47  Probe x2  
  46  3:51  Pylon  
  46  3:55  Stalker  
  46  3:56  Stalker  
  49  4:03  Shield Battery  
  49  4:10  Gateway  
  49  4:20  Shield Battery  
  49  4:21  Pylon, Void Ray (Chrono Boost)  
  49  4:29  Cybernetics Core  
  53  4:33  Zealot  
  53  4:34  Zealot  
  44  4:55  Zealot x2  
  42  5:06  Probe  
  34  5:16  Stalker x3  
Show
View Real Time Build Order
Export as new Build Order

goblin Protoss - Winner!

Build Orders:  

Get SALT Encoding   

  12  0:00  Probe  
  13  0:12  Probe  
  14  0:18  Pylon  
  14  0:24  Probe (Chrono Boost)  
  15  0:37  Gateway, Probe (Chrono Boost)  
  16  0:44  Probe (Chrono Boost)  
  16  0:48  Assimilator  
  17  0:51  Probe  
  17  0:54  Assimilator  
  18  1:03  Probe (Chrono Boost)  
  19  1:07  Gateway  
  19  1:13  Probe (Chrono Boost)  
  19  1:18  Probe (Chrono Boost)  
  20  1:24  Cybernetics Core  
  21  1:30  Probe  
  22  1:35  Pylon  
  22  1:42  Probe  
  24  1:54  Probe  
  24  1:58  Warp Gate (Chrono Boost)  
  24  2:01  Stalker x2  
  28  2:11  Pylon  
  28  2:38  Gateway  
  28  2:41  Stalker  
  28  2:42  Stalker  
  28  2:43  Gateway  
  32  3:10  Pylon  
  32  3:11  Stalker x2  
  36  3:40  Stalker x2  
  40  3:46  Pylon  
  40  3:50  Stalker x2  
  40  3:55  Shield Battery  
  44  4:04  Pylon  
  44  4:10  Stalker  
  44  4:16  Stalker  
  48  4:25  Stalker  
  48  4:43  Stalker  
  48  4:47  Stalker x2  
  50  5:06  Stalker x2  
  48  5:17  Stalker x2  
Tags
 
Add a new tag
Caveats
  • Supply blocks, unpowered buildings, or Contaminate may cause inaccurate times.
  • Supply counts are checked every 10 seconds.